 Dungeon Crawl Stone Soup version 0.24-a0-250-g6074511 (webtiles) character file.

Game seed: 15932222004321569535

117 Borgoz the Cutter (level 5, 0/32 HPs)
             Began as a Kobold Gladiator on Apr 14, 2019.
             Shot with an arrow by a centaur (11 damage)
             ... on level 2 of the Dungeon.
             The game lasted 00:02:26 (1862 turns).

Borgoz the Cutter (Kobold Gladiator)                Turns: 1862, Time: 00:02:26

Health: 0/32       AC:  4    Str: 12    XL:     5   Next: 22%
Magic:  5/5        EV: 16    Int: 12    God:
Gold:   75         SH:  0    Dex: 17    Spells: 4/4 levels left

rFire    . . .     SeeInvis .   a - +0 rapier
rCold    . . .     Gourm    .   (shield restricted)
rNeg     . . .     Faith    .   b - +0 leather armour
rPois    .         Spirit   .   c - +0 helmet
rElec    .         Reflect  .   (no cloak)
rCorr    .         Harm     .   (no gloves)
MR       .....                  (no boots)
Stlth    ++........             p - amulet of magic regeneration
HPRegen  0.10/turn              k - +3 ring of intelligence
MPRegen  0.34/turn              (no ring)

@: no status effects
A: small, carnivore
a: no special abilities


You were on level 2 of the Dungeon.
You were completely stuffed.

You visited 1 branch of the dungeon, and saw 2 of its levels.

You collected 75 gold pieces.

Inventory:

Hand Weapons
 a - a +0 rapier (weapon)
Missiles
 d - 3 throwing nets (quivered)
Armour
 b - a +0 leather armour (worn)
 c - a +0 helmet (worn)
 m - a +0 pair of gloves
Jewellery
 k - a +3 ring of intelligence (left hand)
 p - an amulet of magic regeneration (around neck)
 r - a +6 ring of dexterity {unknown}
Scrolls
 e - a scroll of random uselessness {unknown}
 h - 2 scrolls of noise {unknown}
 j - a scroll of enchant weapon {unknown}
 l - a scroll of fear {unknown}
 o - a scroll of identify {unknown}
 s - a scroll of teleportation {unknown}
 t - a scroll of fog {unknown}
Potions
 g - 2 potions of invisibility {unknown}
 i - 2 potions of mutation {unknown}
 n - a potion of resistance {unknown}
 q - a potion of ambrosia {unknown}
 v - a potion of might {unknown}
Comestibles
 f - 9 rations
 u - 2 chunks of flesh


   Skills:
 + Level 3.1 Fighting
 + Level 4.8 Short Blades
 - Level 2.1 Throwing
 + Level 1.3 Armour
 + Level 4.4 Dodging
 + Level 2.7 Stealth


You had 4 spell levels left.
You didn't know any spells.
Your spell library was empty.

Dungeon Overview and Level Annotations

Branches:
Dungeon (2/15)

Altars:
Uskayaw


Innate Abilities, Weirdness & Mutations

You are small and have problems with some larger weapons.
You are carnivorous and can eat meat at any time.


Message History

You kill the frilled lizard!
No target in view!
f - 9 rations (gained 1) Eating one of 3 chunks of flesh.
You eat one of the 3 chunks of flesh.
This raw flesh tastes great.
A centaur comes into view.
The centaur shouts!
The centaur wields a +0 shortbow.
The centaur shoots an arrow.
The arrow misses you.
A centaur is nearby!
The centaur shoots an arrow.
The arrow hits you!
You see here an arrow.
The centaur shoots an arrow.
The arrow hits you!
You see here an arrow.
You are too injured to fight recklessly!
You are too injured to fight recklessly!
You are too injured to fight recklessly!
The centaur shoots an arrow.
The arrow misses you.
The centaur shoots an arrow.
The arrow hits you!
You die...

....... ...... #
......# . #...#. .. .
.... .. .. ###
#######$.##.##.# # #..
.....(......... .. ...
## #####.#(.##.## ...
# #. ........(@...# ..
+ #.######.#..##c.#
####.# #.... ...#..#
.# ......
###.#...#######.#####.
.....#
...+...+.............#
####
#.#...##...##.#######
## #...........#...
###. ##..........#..##
###...
.###..........#..#
####...†)


You could see a centaur.

Vanquished Creatures
  A hound zombie (D:2)
  3 gnolls (D:2)
  3 adders (D:2)
  An ooze (D:1)
  A ball python (D:1)
  2 giant cockroaches
  2 goblins
  5 hobgoblins
  9 jackals
  7 kobolds
  A quokka (D:2)
  3 bats
  2 frilled lizards
  3 rats (D:1)
43 creatures vanquished.

Notes
Turn   | Place    | Note
-------+----------+-------------------------------------------
     0 | D:1      | Borgoz the Kobold Gladiator began the quest for the Orb.
     0 | D:1      | Reached XP level 1. HP: 12/12 MP: 1/1
   135 | D:1      | Reached XP level 2. HP: 17/18 MP: 2/2
   180 | D:1      | Reached skill level 1 in Stealth
   286 | D:1      | Reached XP level 3. HP: 8/22 MP: 3/3
  1037 | D:2      | Reached XP level 4. HP: 13/27 MP: 4/4
  1044 | D:2      | Reached skill level 1 in Armour
  1673 | D:2      | Found a hide-covered altar of Uskayaw.
  1678 | D:2      | Reached XP level 5. HP: 26/32 MP: 5/5
  1858 | D:2      | Noticed a centaur
  1862 | D:2      | Shot with an arrow by a centaur

Levels and vault maps discovered:
D:1:      dpeg_arrival_more_subterranean_lakeside_camping, layout_basic
D:2:      minmay_skewed_foursquare, layout_basic,
          eat_drink_and_be_merry_uskayaw, first_ration, due_unseen_surprise

Skill      XL: |  1  2  3  4 |
---------------+-------------+-----
Stealth        | 1 2 |  2.7
Dodging        | 4 |  4.4
Armour         | 1 |  1.3
Fighting       | 3 |  3.1
Short Blades   | |  4.8
Throwing       | |  2.1

Action                   |  1- 3 |  4- 6 || total
-------------------------+-------+-------++-------
Melee: Rapier            |    74 |    82 ||   156
 Stab: Sleeping          |     2 |     2 ||     4
  Eat: Chunk             |     8 |     4 ||    12
Armor: Leather armour    |    13 |    27 ||    40
Dodge: Dodged            |    90 |   106 ||   196

Table legend:
 A = Non-vault XP
 B = Vault XP
 C = Vault XP percentage of total XP
 D = Non-vault monster count
 E = Vault monster count
 F = Vault count percentage of total count
                 A         B        C        D         E       F
            +---------+---------+-------+---------+---------+-------
      Total |     147 |      21 |  12.5 |      40 |       3 |   7.0
            +---------+---------+-------+---------+---------+-------
        D:1 |      34 |       0 |   0.0 |      17 |       0 |   0.0
        D:2 |     113 |      21 |  15.7 |      23 |       3 |  11.5
            +---------+---------+-------+---------+---------+-------
